 Dungeon Crawl Stone Soup version 0.26-a0-597-gb535b0901c (webtiles) character file.

Game seed: 444705364055222018

74 Jannitor the Chucker (level 4, -1/28 HPs)
             Began as a Kobold Hunter on Aug 20, 2020.
             Slain by an orc
             ... wielding a +0 trident
              (3 damage)
             ... on level 3 of the Dungeon on Aug 25, 2020.
             The game lasted 00:03:19 (2788 turns).

Jannitor the Chucker (Kobold Hunter)                Turns: 2788, Time: 00:03:19

Health: -1/28      AC:  4    Str: 10    XL:     4   Next: 52%
Magic:  4/4        EV: 15    Int: 12    God:
Gold:   105        SH:  0    Dex: 15    Spells: 3/3 levels left

rFire    . . .     SeeInvis .   a - +0 short sword
rCold    . . .     Faith    .   (shield restricted)
rNeg     . . .     Spirit   .   b - +0 leather armour
rPois    .         Reflect  .   k - +0 helmet
rElec    .         Harm     .   (no cloak)
rCorr    .                      (no gloves)
MR       .....                  (no boots)
Stlth    +++.......             (no amulet)
HPRegen  0.09/turn              (no ring)
MPRegen  0.09/turn              (no ring)

@: brilliant
A: small, nightstalker 3
a: no special abilities


You were on level 3 of the Dungeon.
You visited 1 branch of the dungeon, and saw 3 of its levels.

You collected 105 gold pieces.

Inventory:

Hand Weapons
 a - a +0 short sword (weapon)
Missiles
 c - 10 boomerangs (quivered)
 d - a throwing net
Armour
 b - a +0 leather armour (worn)
 k - a +0 helmet (worn)
Jewellery
 h - a cursed amulet of inaccuracy {unknown}
 l - an uncursed ring of protection from magic {unknown}
 o - an uncursed ring of wizardry {unknown}
Scrolls
 f - a scroll of magic mapping {unknown}
 g - 3 scrolls of identify
 i - a scroll of fog {unknown}
 n - a scroll of blinking
 q - a scroll of enchant weapon {unknown}
Potions
 j - a potion of magic


   Skills:
 + Level 3.0 Fighting
 + Level 1.2 Short Blades
 + Level 4.8 Throwing
 + Level 3.3 Dodging
 + Level 3.1 Stealth


You had 3 spell levels left.
You didn't know any spells.
Your spell library was empty.

Dungeon Overview and Level Annotations

Branches:
Dungeon (3/15)

Altars:
Sif Muna


Innate Abilities, Weirdness & Mutations

You are small and have problems with some larger weapons.
You are completely attuned to the shadows.


Message History

The orc hits you from afar with a +0 trident!
* * * LOW HITPOINT WARNING * * *
It was a potion of cancellation.
You feel magically purged.
The orc wizard hits you but does no damage.
The orc misses you. The orc hits you but does no damage.
It was a potion of brilliance.
You feel clever all of a sudden.
The orc wizard hits you but does no damage.
The orc misses you.
The orc wizard hits you but does no damage.
As you read the scroll labeled MOPNUX AFECIAKK, it crumbles to dust.
It is a scroll of amnesia.
You feel forgetful for a moment. The orc closely misses you.
The orc wizard barely misses you. The orc closely misses you.
As you read the scroll labeled XOIGRE TOCY, it crumbles to dust.
It is a scroll of identify.
n - a scroll of blinking The orc wizard closely misses you.
The orc hits you from afar with a +0 trident.
You die...

.........
.........#
.........#
.........#...#
.........##..#.#.#
....<#'#.##..#.#.#
######.#.##..#.#.#
#.#.###o#.#.###
#...oo@...o...#
#...####o##.###
#...# #..#.# #...#
##.#.# #... #.#.#
#...# ##.o#
#..#####.
#.>.o.o..


You could see an orc wizard (fast) and 4 orcs.

Vanquished Creatures
  An adder (D:2)
  A worm (D:3)
  2 dart slugs
  A leopard gecko (D:2)
  3 giant cockroaches (D:2)
  6 goblins
  10 hobgoblins
  4 jackals (D:2)
  5 kobolds
  A quokka (D:3)
  A ball python (D:2)
  11 bats
  A frilled lizard (D:1)
  5 rats
52 creatures vanquished.

Notes
Turn   | Place    | Note
-------+----------+-------------------------------------------
     0 | D:1      | Jannitor the Kobold Hunter began the quest for the Orb.
     0 | D:1      | Reached XP level 1. HP: 12/12 MP: 1/1
    34 | D:1      | Upgraded the game from 0.26-a0-547-g695e311587 to
                  | 0.26-a0-597-gb535b0901c
   219 | D:1      | Reached XP level 2. HP: 18/18 MP: 2/2
   833 | D:1      | Reached XP level 3. HP: 22/22 MP: 3/3
  1710 | D:2      | Reached XP level 4. HP: 17/27 MP: 4/4
  1992 | D:2      | Reached skill level 1 in Short Blades
  2385 | D:2      | Found a shimmering blue altar of Sif Muna.
  2788 | D:3      | Slain by an orc

Illustrated notes

Levels and vault maps discovered:
D:1:      zaba_arrival_water, layout_loops_corners
D:2:      layout_basic, old_standard_altar
D:3:      layout_basic, kennysheep_cluttered_room

Skill      XL: |  1  2  3  4 |
---------------+-------------+-----
Stealth        | 2 3 |  3.1
Dodging        | 3 |  3.3
Short Blades   | 1 |  1.2
Fighting       | 3 |  3.0
Throwing       | |  4.8

Action                   |  1- 3 |  4- 6 || total
-------------------------+-------+-------++-------
Melee: Short sword       |   118 |    81 ||   199
Throw: Boomerang         |     6 |       ||     6
       Throwing net      |     2 |     1 ||     3
  Use: Potion            |     2 |     3 ||     5
       Scroll            |       |     2 ||     2
 Stab: Sleeping          |    15 |     4 ||    19
       Held in net/web   |       |     1 ||     1
Armor: Leather armour    |    32 |    21 ||    53
Dodge: Dodged            |    94 |    84 ||   178

Table legend: (Time is in decaauts)
 A = Elapsed time spent in this place.
 B = Non-inter-level travel time spent in this place.
 C = Inter-level travel time spent in this place.
 D = Time resting spent in this place.
 E = Time spent auto-exploring this place.
 F = Levels seen in this place.
 G = Mean time per level.
                   A        B        C        D        E       F      G
               +--------+--------+--------+--------+--------+-----+--------+
         Total |   2842 |   2718 |    124 |    312 |   1945 |   3 |  947.3 |
       Dungeon |   2842 |   2718 |    124 |    312 |   1945 |   3 |  947.3 |
               +--------+--------+--------+--------+--------+-----+--------+

Top non-repeatable levels by time:
     D:1: 1486 daAuts
     D:2: 1092 daAuts
     D:3: 264 daAuts
